 Dungeon Crawl Stone Soup version 0.29.1-13-g9f3cf754e1 (webtiles) character file.

Game seed: 2322100217197304393

267 Exodus22XD the Chopper (level 6, 53/53 HPs)
             Began as a Minotaur Fighter on Feb 3, 2023.
             Was a Follower of Fedhas.
             Quit the game on level 3 of the Dungeon.
             The game lasted 00:02:05 (2038 turns).

Exodus22XD the Chopper (Minotaur Fighter)           Turns: 2038, Time: 00:02:06

Health: 53/53      AC:  9    Str: 22    XL:     6   Next: 0%
Magic:  5/5        EV:  7    Int:  5    God:    Fedhas [*.....]
Gold:   162        SH:  4    Dex: 10    Spells: 5/5 levels left

rFire   . . .      SeeInvis .   a - +0 war axe
rCold   . . .      Faith    .   c - +0 buckler
rNeg    . . .      Spirit   .   m - +0 chain mail
rPois   .          Reflect  .   (helmet restricted)
rElec   .          Harm     .   (no cloak)
rCorr   .          Rampage  .   (no gloves)
Will    .....                   (no boots)
Stlth   ..........              e - amulet of regeneration
HPRegen 0.97/turn               (no ring)
MPRegen 0.09/turn               (no ring)

@: no status effects
A: horns 2, retaliatory headbutt
a: Renounce Religion


You were on level 3 of the Dungeon.
You worshipped Fedhas.
Fedhas was aware of your devotion.
You visited 1 branch of the dungeon, and saw 3 of its levels.

You collected 182 gold pieces.
You spent 20 gold pieces at shops.

Inventory:

Hand Weapons
 a - a +0 war axe (weapon)
 d - a +0 flail
Armour
 c - a +0 buckler (worn)
 m - a +0 chain mail (worn)
Jewellery
 e - an amulet of regeneration (around neck)
 g - an amulet of guardian spirit
 n - an amulet of reflection
Wands
 o - a wand of polymorph (8)
Scrolls
 b - 2 scrolls of teleportation
 k - 2 scrolls of noise {unknown}
Potions
 f - a potion of haste
 h - a potion of flight {unknown}
 j - 4 potions of heal wounds
 l - a potion of resistance {unknown}


   Skills:
 + Level 4.6 Fighting
 + Level 5.3 Axes
 + Level 5.2 Armour
 + Level 4.3 Shields
 + Level 0.4 Unarmed Combat


You had 5 spell levels left.
You didn't know any spells.
Your spell library was empty.

Dungeon Overview and Level Annotations

Branches:
Dungeon (3/15)

Altars:
Fedhas

Shops:
D:3 ?


Innate Abilities, Weirdness & Mutations

You have a pair of horns on your head.
You reflexively headbutt those who attack you in melee.


Message History

b - a scroll of teleportation Unknown command.
Okay, then.
As you read the scroll of identify, it crumbles to dust.
j - 4 potions of heal wounds
As you read the scroll of identify, it crumbles to dust.
h - a scroll of poison
As you read the scroll of identify, it crumbles to dust.
f - a potion of haste You drop a scroll of poison.
h - an inky potion No target in view!
Found a faded altar of an unknown god.
No target in view!
b - 2 scrolls of teleportation (gained 1)
A rat comes into view.
You barely miss the rat. The rat bites you but does no damage.
A rat is nearby!
You hit the rat but do no damage. The rat barely misses you.
The rat bites you but does no damage.
A rat is nearby!
You slash the rat!
You kill the rat!
A ball python comes into view.
The ball python hisses angrily.
You see here 14 gold pieces.
A ball python is nearby!
You hit the ball python but do no damage.
You headbutt the ball python.
You kill the ball python!
You now have 162 gold pieces (gained 14).
Found a book of Changes.
No target in view!
No target in view!
There is a faded altar of an unknown god here.
You cannot tell which god this altar belongs to.
Convert to them anyway?
Fedhas accepts your prayer! Fedhas welcomes you!
The plants of the dungeon cease their hostilities.
Are you sure you want to abandon this character and quit the game? (Confirm with "yes".)

.##........# #...########.
.##........# #...# #.
.##......).# ####...# #.
.##........# #####......# #.
.##........###..........########.
. #........#.....................
#........#..........####.......
..........#...#.#....#....######
P.P.......#....@.....#.##.#
._........#...#.#....#.##.#
.P.......#.......####.##.######
...######<#....................
## #.#.########........... #.
#..##.###### # #...........
##..##....... #...#########


There were no monsters in sight!

Vanquished Creatures
  Sigmund (D:2)
  Terence (D:2)
  Robin (D:3)
  An adder (D:2)
  2 dart slugs (D:2)
  An orc (D:3)
  3 endoplasms
  2 giant cockroaches (D:3)
  8 hobgoblins
  4 jackals (D:1)
  A quokka (D:2)
  2 ball pythons
  4 bats
  15 goblins
  3 kobolds
  2 rats
51 creatures vanquished.

Notes
Turn   | Place    | Note
-------+----------+-------------------------------------------
     0 | D:1      | Exodus22XD the Minotaur Fighter began the quest for the
                  | Orb.
     0 | D:1      | Reached XP level 1. HP: 19/19 MP: 0/0
   565 | D:1      | Reached XP level 2. HP: 27/27 MP: 1/1
  1162 | D:2      | Noticed Terence
  1171 | D:2      | Killed Terence
  1172 | D:2      | Reached XP level 3. HP: 20/33 MP: 2/2
  1380 | D:2      | Noticed Sigmund
  1393 | D:2      | Killed Sigmund
  1394 | D:2      | Reached skill level 5 in Axes
  1394 | D:2      | Reached skill level 5 in Armour
  1394 | D:2      | Reached XP level 4. HP: 31/41 MP: 3/3
  1394 | D:2      | Reached XP level 5. HP: 36/47 MP: 4/4
  1720 | D:3      | Found a blossoming altar of Fedhas.
  1752 | D:3      | Noticed Robin
  1770 | D:3      | Killed Robin
  1915 | D:3      | Reached XP level 6. HP: 53/53 MP: 5/5
  1926 | D:3      | Found Tefaptit's Magic Scroll Emporium.
  1933 | D:3      | Bought a scroll of identify for 20 gold pieces
  1958 | D:3      | Found a faded altar of an unknown god.
  2037 | D:3      | Prayed at the altar of an unknown god.
  2037 | D:3      | Became a worshipper of Fedhas Madash
  2037 | D:3      | Reached * piety under Fedhas
  2038 | D:3      | Quit the game

Illustrated notes

Levels and vault maps discovered:
D:1:      lightli_arrival_statuegarden, layout_basic
D:2:      layout_basic, uniq_terence, uniq_sigmund
D:3:      kb_forest_paths, layout_basic, fedhas_altar_1, serial_shops,
          nicolae_shop_stone, chequers_ecumenical_altar_simple,
          kennysheep_cross_bottleneck, uniq_robin

Skill      XL: |  1  2  3 |
---------------+----------+-----
Armour         | 4 5 |  5.2
Fighting       | 4 |  4.6
Axes           | 3 5 |  5.3
Shields        | 4 |  4.3
Unarmed Combat | |  0.4

Action                   |  1- 3 |  4- 6 || total
-------------------------+-------+-------++-------
Melee: War axe           |    73 |    31 ||   104
       Headbutt          |    11 |     3 ||    14
       Unarmed           |     3 |     6 ||     9
  Use: Potion            |     1 |       ||     1
       Scroll            |       |     4 ||     4
Armor: Scale mail        |    20 |       ||    20
       Chain mail        |    22 |    21 ||    43
       Skin              |     2 |     3 ||     5
Dodge: Dodged            |    38 |    29 ||    67
Block: Buckler           |    21 |     6 ||    27
